 Dungeon Crawl Stone Soup version 0.30.1-4-g462c640d31 (webtiles) character file.

Game seed: 4283907332001444705

1729962 GeoRichter the Impregnable (level 27, 248/248 HPs)
             Began as an Armataur Chaos Knight on Aug 14, 2023.
             Was the Champion of the Shining One.
             Escaped with the Orb
             ... and 3 runes on Aug 15, 2023!
             The game lasted 02:28:08 (66467 turns).

GeoRichter the Impregnable (Armataur Chaos Knight) Turns: 66467, Time: 02:28:09

Health: 248/248    AC: 57    Str: 34    XL:     27
Magic:  32/32      EV:  6    Int: 28    God:    the Shining One [******]
Gold:   5217       SH: 24    Dex:  7    Spells: 26/26 levels left

rFire   + + +        a - +9 sacred scourge (holy)
rCold   + + +        y - +5 tower shield {AC+3}
rNeg    + + +        X - +15 Maxwell's patent armour {-Cast -Tele rElec Will+ rCorr}
rPois   +            Y - +2 hat of Lude {Rampage Drain rPois Int+3}
rElec   +            K - scarf {rC+ rF+}
rCorr   +            V - +2 pair of gloves of Restlessness {Contam Will++}
SInv    .            w - +4 barding {Fly}
Will    +++++        Z - amulet of regeneration Stlth
                     r - ring of Gedgh {rElec Will+ Int+6}
HPRegen 1.41/turn    U - ring "Poghul" {rN+ Str-3 Int+5 Slay+4}
MPRegen 0.23/turn

%: no teleportation, no spellcasting, roll
@: flying, glowing, studying Stealth
A: large, rugged brown scales 3, deformed body, armoured tail, roll, long
tongue, awkward tongue, iridescent scales 1, thin skeletal structure 1, clumsy
1, cold resistance 2, fire resistance 2, frail 1, low MP 1, screaming 1, strong
2, subdued magic 1
0: Orb of Zot
}: 3/15 runes: decaying, silver, gossamer
a: Renounce Religion, Divine Shield, Cleansing Flame, Summon Divine Warrior


You escaped.
You worshipped the Shining One.
The Shining One was exalted by your worship.
You visited 11 branches of the dungeon, and saw 51 of its levels.
You also visited: Trove, Ossuary, Gauntlet, Ice Cave and Wizlab.

You collected 9056 gold pieces.
You spent 3839 gold pieces at shops.

Inventory:

Hand Weapons
 a - a +9 sacred scourge of holy wrath (weapon) (the Shining One gifted it to you on level 5 of the Lair of Beasts)
 b - the +9 war axe of Qacayxka {spect, Str+3 Int+2 Dex+4}
   (You found it on level 9 of the Dungeon)

   Str:       It affects your strength (+3).
   Int:       It affects your intelligence (+2).
   Dex:       It affects your dexterity (+4).
Missiles
 n - 14 silver javelins
 v - 32 curare-tipped darts {!f}
 S - 2 throwing nets {!f}
 W - 18 javelins (quivered)
Armour
 k - a +2 cloak of poison resistance
   (You took it off a draconian knight on level 3 of the Realm of Zot)
 w - a +4 barding of flying (worn)
   (You acquired it on level 2 of the Depths)
 y - a +5 tower shield of protection (worn)
   (You took it off a vault warden on level 2 of the Vaults)
 F - +10 storm dragon scales {Bai Suzhen}
   (You found it on level 2 of the Crypt)
 K - a scarf of resistance (worn)
   (You found it on level 4 of the Spider Nest)
 M - the +1 cloak of Eternal Vigilance {Contam Will+ Int+7 Dex+4}
   (You found it in a treasure trove)

   Int:       It affects your intelligence (+7).
   Dex:       It affects your dexterity (+4).
   Contam:    It causes magical contamination when unequipped.
   Will:      It increases your willpower.
 V - the +2 pair of gloves of Restlessness (worn) {Contam Will++}
   (You found it in a treasure trove)

   Contam:    It causes magical contamination when unequipped.
   Will:      It greatly increases your willpower.
 X - the +15 Maxwell's patent armour (worn) {-Cast -Tele rElec Will+ rCorr}
   (You found it in a treasure trove)

   rElec:     It insulates you from electricity.
   -Cast:     It prevents spellcasting.
   -Tele:     It prevents most forms of teleportation.
   rCorr:     It protects you from acid and corrosion.
   Will:      It increases your willpower.
 Y - the +2 hat of Lude (worn) {Rampage Drain rPois Int+3}
   (You bought it in a shop on level 3 of the Vaults)

   Int:       It affects your intelligence (+3).
   rPois:     It protects you from poison.
   Drain:     It drains your maximum health when unequipped.
   Rampage:   It bestows one free step when moving towards enemies.
Jewellery
 r - the ring of Gedgh (left hand) {rElec Will+ Int+6}
   (You found it on level 3 of the Depths)

   [ring of intelligence]

   Int:       It affects your intelligence (+6).
   rElec:     It insulates you from electricity.
   Will:      It increases your willpower.
 N - the amulet of Viowag {Faith Rampage +Blink rF++ Int-2}
   (You found it on level 2 of the Vaults)

   [amulet of faith]

   It allows you to gain divine favour quickly.
   Int:       It affects your intelligence (-2).
   rF:        It greatly protects you from fire.
   +Blink:    It lets you blink.
   Rampage:   It bestows one free step when moving towards enemies.
 P - the ring "Ceqeb" {Will+ rCorr MP+9 Int+3 Slay-3}
   (You found it on level 3 of the Depths)

   [ring of resist corrosion]

   Int:       It affects your intelligence (+3).
   Slay:      It affects your accuracy & damage with ranged weapons and melee
   (-3).
   MP:        It affects your magic capacity (+9).
   rCorr:     It protects you from acid and corrosion.
   Will:      It increases your willpower.
 U - the ring "Poghul" (right hand) {rN+ Str-3 Int+5 Slay+4}
   (You found it on level 1 of the Spider Nest)

   [ring of slaying]

   Str:       It affects your strength (-3).
   Int:       It affects your intelligence (+5).
   Slay:      It affects your accuracy & damage with ranged weapons and melee
   (+4).
   rN:        It protects you from negative energy.
 Z - an amulet of regeneration (around neck)
   (You bought it in a shop on level 8 of the Dungeon)
Wands
 z - a wand of flame (66)
   (You found it on level 6 of the Dungeon)
 C - a wand of digging (3)
   (You took it off a deep elf archer on level 3 of the Elven Halls)
 L - a wand of acid (53)
   (You took it off a kobold on level 8 of the Dungeon)
Scrolls
 d - 11 scrolls of teleportation {@r4}
 f - 8 scrolls of blinking
 g - 5 scrolls of immolation {!r}
 h - 3 scrolls of silence
 l - 9 scrolls of fog
 o - 2 scrolls of summoning
 u - 14 scrolls of vulnerability {!r}
 B - 17 scrolls of poison {!r}
 D - 10 scrolls of noise {!r}
 H - 16 scrolls of amnesia
 O - 5 scrolls of enchant weapon
 T - 8 scrolls of fear
Potions
 c - 15 potions of mutation {!q}
 i - 12 potions of flight
 j - 7 potions of heal wounds {@q2}
 m - 7 potions of brilliance
 p - 6 potions of magic
 q - 3 potions of resistance
 s - 5 potions of curing {@q1}
 t - 7 potions of attraction {!q}
 E - 12 potions of lignification {!q}
 G - 2 potions of cancellation
 I - 5 potions of haste {@q3}
 Q - 10 potions of ambrosia
 R - 4 potions of might
Miscellaneous
 e - a phantom mirror
   (You found it on level 12 of the Dungeon)
 x - a phial of floods
   (You found it on level 4 of the Swamp)
 J - a condenser vane
   (You found it in an ice cave)


   Skills:
 + Level 22.8 Fighting
 - Level 14.6(16.1) Axes
 - Level 12.3(15.7) Maces & Flails
 - Level 16.0 Throwing
 + Level 23.7 Armour
 + Level 7.6 Dodging
 + Level 20.1 Shields
 + Level 19.2 Invocations
 - Level 12.0 Evocations


You had 26 spell levels left.
You didn't know any spells.
Your spell library contained the following spells:

 Spells                   Type           Power      Damage    Failure   Level
 Apportation              Tloc           0%         N/A       38%         1
 Freeze                   Ice            0%         1d3       38%         1
 Kiss of Death            Conj/Necr      0%         2d5       38%         1
 Magic Dart               Conj           0%         1d3       38%         1
 Necrotise                Necr           0%         1d4       38%         1
 Sandblast                Erth           0%         2d4       38%         1
 Shock                    Conj/Air       0%         1d3       38%         1
 Slow                     Hex            0%         N/A       38%         1
 Summon Small Mammal      Summ           0%         N/A       38%         1
 Blink                    Tloc           0%         N/A       52%         2
 Cigotuvi's Dreadful Rot  Necr/Pois/Air  0%         N/A       52%         2
 Lesser Beckoning         Tloc           0%         N/A       52%         2
 Momentum Strike          Conj/Tloc      0%         3d8       52%         2
 Passwall                 Tmut/Erth      0%         N/A       52%         2
 Scorch                   Fire           0%         2d5       52%         2
 Searing Ray              Conj           0%         2d4       52%         2
 Call Canine Familiar     Summ           0%         N/A       77%         3
 Confusing Touch          Hex            0%         N/A       77%         3
 Frozen Ramparts          Ice            0%         1d1       77%         3
 Hailstorm                Conj/Ice       0%         3d3       77%         3
 Ignite Poison            Fire/Tmut/Pois 0%         N/A       77%         3
 Inner Flame              Hex/Fire       0%         N/A       77%         3
 Ozocubu's Armour         Ice            0%         N/A       77%         3
 Stone Arrow              Conj/Erth      0%         3d7       77%         3
 Summon Guardian Golem    Hex/Summ       0%         N/A       77%         3
 Swiftness                Air            0%         N/A       77%         3
 Tukima's Dance           Hex            0%         N/A       77%         3
 Vhi's Electric Charge    Tloc/Air       0%         N/A       77%         3
 Airstrike                Air            0%         2d(0-16)  99%         4
 Anguish                  Hex/Necr       0%         N/A       99%         4
 Cause Fear               Hex            0%         N/A       99%         4
 Dispel Undead            Necr           0%         3d6       99%         4
 Flame Wave               Conj/Fire      0%         2d4       99%         4
 Fulminant Prism          Conj/Hex       0%         3d5       99%         4
 Manifold Assault         Tloc           0%         N/A       99%         4
 Olgreb's Toxic Radiance  Pois           0%         N/A       99%         4
 Passage of Golubria      Tloc           0%         N/A       99%         4
 Petrify                  Tmut/Erth      0%         N/A       99%         4
 Sticky Flame             Conj/Fire      0%         2d3       99%         4
 Summon Ice Beast         Ice/Summ       0%         N/A       99%         4
 Arcjolt                  Conj/Air       0%         1d10      100%        5
 Fireball                 Conj/Fire      0%         3d3       100%        5
 Freezing Cloud           Conj/Ice/Air   0%         6-21      100%        5
 Iskenderun's Battlesphe  Conj           0%         2d6       100%        5
 Metabolic Englaciation   Hex/Ice        0%         N/A       100%        5
 Summon Forest            Summ/Tloc      0%         N/A       100%        5
 Summon Mana Viper        Hex/Summ       0%         N/A       100%        5
 Yara's Violent Unravell  Hex/Tmut       0%         3d3       100%        5
 Conjure Ball Lightning   Conj/Air       0%         3x3d6     100%        6
 Dispersal                Tloc           0%         N/A       100%        6
 Eringya's Noxious Bog    Tmut/Pois      0%         N/A       100%        6
 Iron Shot                Conj/Erth      0%         9d1       100%        6
 Plasma Beam              Fire/Air       0%         2x1d11    100%        6
 Simulacrum               Ice/Necr       0%         N/A       100%        6
 Statue Form              Tmut/Erth      0%         N/A       100%        6
 Summon Cactus Giant      Summ           0%         N/A       100%        6
 Enfeeble                 Hex            0%         N/A       100%        7
 Malign Gateway           Summ/Tloc      0%         N/A       100%        7
 Monstrous Menagerie      Summ           0%         N/A       100%        7
 Orb of Destruction       Conj           0%         9d5       100%        7
 Spellforged Servitor     Conj/Summ      0%         N/A       100%        7
 Summon Hydra             Summ           0%         N/A       100%        7
 Discord                  Hex            0%         N/A       100%        8
 Disjunction              Tloc           0%         N/A       100%        8
 Ignition                 Fire           0%         3d3       100%        8
 Lehudib's Crystal Spear  Conj/Erth      0%         10d2      100%        8


Dungeon Overview and Level Annotations

Branches:
Dungeon (15/15)            Temple (1/1) D:4            Lair (5/5) D:8
  Swamp (4/4) Lair:3       Spider (4/4) Lair:2        Slime (0/5) Lair:5
    Orc (2/2) D:9             Elf (3/3) Orc:2        Vaults (5/5) D:13
  Crypt (3/3) Vaults:3       Tomb (0/3) Crypt:3      Depths (4/4) D:15
    Zot (5/5) Depths:4    Ossuary (visited)           IceCv (visited)
 WizLab (visited)         Gauntlet (visited)

Altars:
Ashenzari
Cheibriados
Dithmenos
Elyvilon
Fedhas
Gozag
Hepliaklqana
Kikubaaqudgha
Makhleb
Nemelex Xobeh
Okawaru
Qazlal
Ru
Sif Muna
Trog
Uskayaw
Vehumet
Wu Jian
Xom
Yredelemnul
Zin
The Shining One
Jiyva

Shops:
D:8 =([*   D:10 =   D:15 (   Orc:2 =?:(*   Elf:2 (   Vaults:3 *   Vaults:4 ?
Depths:3 !*[:

Portals:
Hell: Depths:1 Depths:2 Depths:3 Depths:4
Abyss: Depths:3
Pandemonium: Depths:2
Ziggurat: Depths:2

Annotations:
D:7 1 runed translucent door, Crazy Yiuf
D:14 Roxanne
Orc:2 2 transporters, Tali's ghost, journeyman DsBe
Elf:1 6 transporters
Elf:2 3 runed translucent doors
Depths:2 exclusion: 2 statues
Zot:5 1 exclusion


Innate Abilities, Weirdness & Mutations

You are completely covered in rugged brown scales. (AC +3, +7% HP)
Armour fits poorly on your strangely shaped body.
You have a long armoured tail.
You roll when moving toward enemies. (Rampage)
Your long tongue fully drains potion bottles. (2x potion effects)
Your tongue gives you trouble enunciating. (1.5x scroll delay)
You are partially covered in iridescent scales. (AC +2)
You have a somewhat thin skeletal structure. (Dex +2, Stealth+)
You are clumsy. (Dex -2)
Your flesh is very cold resistant. (rC++)
Your flesh is very heat resistant. (rF++)
You are frail. (-10% HP)
Your magical capacity is low. (-10% MP)
You occasionally shout uncontrollably at your foes.
Your muscles are very strong. (Str +8, Int/Dex -2)
Your spells are a little easier to cast, but a little less powerful.


Message History

The balrug is severely wounded.
You are covered in liquid flames!
You barely miss the balrug. You tail-slap the balrug!
The balrug is severely wounded.
You are covered in liquid flames!
The balrug gestures at you. Something smites you!
You block the sun demon's attack.
You thrash the balrug!!
You kill the balrug!
The Shining One accepts your kill.
You are covered in liquid flames!
The reaper hits you but does no damage. You block the sun demon's attack.
You closely miss the sun demon.
You are covered in liquid flames!
You whack the sun demon!
The sun demon convulses!!
The sun demon is heavily wounded.
You are covered in liquid flames!
You block the sun demon's attack. The reaper barely misses you.
You thrash the sun demon!!
You kill the sun demon!
The Shining One accepts your kill.
You are covered in liquid flames!
You are no longer on fire.
You roll towards the reaper!
You punish the reaper, causing immense pain!!!
The reaper convulses!!
The reaper is almost dead.
You block the reaper's attack.
You whack the reaper!
You kill the reaper!
The Shining One accepts your kill.
You feel better.
No target in view!
No target in view!
(D) Dungeon (T) Temple (L) Lair (S) Swamp (N) Spider Nest (M) Slime Pits (O) Orcish Mines (E) Elven Halls (V) Vaults (C) Crypt (W) Tomb (U) Depths (H) Hell (Z) Zot
Where to? (Enter - D:1, ? - help)
There is a stone staircase leading up here.
You fly upwards.
There is a stone staircase leading down here.
There is a stone staircase leading up here.
You fly upwards.
There is a stone staircase leading down here.
A toenail golem comes into view.
You reach down and open the door.
There is an open door here.
There is a staircase leading out of the dungeon here.
You have escaped!

..#.#.#.# #.......+.#.....
......#.# #...............
#.#.###(# #..#..#######...
..#.###.###########.#.## #.##
###.............#.....# ####.#
###.###.#######.#.....##
##....# ....###.## #.#......#
#..####
.........#########)....# #.##
###.####.'ā‰ˆ.~PP#@#.....###.#
###.######.~9PP#.#.........#
......# #..~~P#9#####.###.#
##.##.# #P.....~# #.# #.#
.#.##.# #~..~.~~# #.# #.#
.#.##.####.ā‰ˆ.~~..# #.# #.#
.#.##.##.'Pā‰ˆā‰ˆ~~P.#####.#
#.# .#.##....#########.....#
#.# .#.##..####.# ####### #.#


You could see a toenail golem.

Vanquished Creatures
  2 pandemonium lords (Depths:4)
  9 dread liches
  3 ancient liches (Vaults:5)
  5 orbs of fire
  Mennas (Crypt:2)
  Sojobo (Vaults:2)
  the Lernaean hydra (Swamp:4)
  Bai Suzhen (Crypt:2)
  7 Killer Klowns (Zot:5)
  A curse toe (Zot:2)
  A golden dragon (shapeshifter) (Depths:3)
  Jory (Vaults:2)
  Nikola (Vaults:2)
  Arachne (Spider:2)
  A profane servitor (Depths:3)
  9 golden dragons
  A bone dragon (Crypt:3)
  4 electric golems
  A shard shrike zombie (Crypt:3)
  8 tentacled monstrosities
  27 Orb Guardians
  Jorgrun (D:15)
  Zenata (Elf:3)
  8 quicksilver dragons
  4 liches
  A deep elf blademaster (Elf:3)
  Asterion (Elf:1)
  2 deep elf master archers (Elf:3)
  5 titans (Vaults:5)
  4 sphinxes
  2 tentacled starspawn (WizLab)
  11 ancient champions
  A thorn hunter (Swamp:3)
  An acid blob (WizLab)
  7 tengu reavers
  Frances (Swamp:2)
  2 Executioners
  8 death cobs
  11 storm dragons
  10 shadow dragons
  2 revenants
  6 draconian knights
  4 draconian monks
  A demonspawn warmonger (Zot:1)
  A nagaraja (WizLab)
  6 frost giants
  5 fire giants
  8 emperor scorpions
  3 spectral caustic shrikes (Depths:4)
  20 vault wardens
  6 ghost moths
  3 balrugs
  13 deep elf sorcerers
  3 iron dragons
  2 draconian shifters (Zot:3)
  2 curse skulls
  Louise (Swamp:1)
  5 deep elf elementalists (Elf:3)
  12 ghouls
  18 ironbound preservers
  4 spriggan defenders (Depths:3)
  An orc warlord (Orc:2)
  A cacodemon (D:10)
  4 draconian annihilators
  A demonspawn blood saint (Zot:1)
  23 very ugly things
  4 demonspawn corrupters (WizLab)
  A draconian stormcaller (Zot:5)
  A juggernaut skeleton (Crypt:2)
  A war gargoyle (Vaults:2)
  3 caustic shrike skeletons
  7 broodmothers (Spider:4)
  14 stone giants
  8 green draconians
  2 reapers
  7 vampire knights
  10 deep elf demonologists
  4 ironbound thunderhulks
  12 red draconians
  12 yellow draconians
  10 spark wasps
  9 black draconians
  A minotaur (Gauntlet)
  10 deep elf annihilators
  4 dire elephants
  6 eleionomae
  5 white draconians
  4 eidola
  6 bunyips
  A blizzard demon (Depths:4)
  9 purple draconians
  7 deep elf death magi
  19 jiangshi
  11 fire dragons
  6 deep elf high priests
  A mummy priest (Crypt:3)
  6 entropy weavers
  15 yaktaur captains
  2 crystal guardians (Vaults:3)
  6 great orbs of eyes
  A green death (Depths:4)
  3 merfolk javelineers
  A spriggan zombie (Crypt:2)
  11 ice dragons
  7 ettins
  2 shambling mangroves
  A rakshasa (Depths:3)
  3 caustic shrike simulacra (IceCv)
  Erolcha (Orc:1)
  A salamander tyrant (Depths:2)
  3 peacekeepers
  4 catoblepae
  11 centaur warriors
  34 vault guards
  7 ironbound frosthearts
  4 ogre magi
  4 spriggan air magi
  3 radroaches (Spider:4)
  17 hydras
  13 boulder beetles
  A fenstrider witch skeleton (Crypt:2)
  3 ghost crabs
  3 jorogumos
  A spriggan skeleton (Depths:2)
  22 dancing weapons
  19 two-headed ogres
  5 alligators
  2 death knights (Crypt:1)
  2 merfolk aquamancers (WizLab)
  3 satyrs (Depths:3)
  5 deep troll earth magi
  An orc high priest (Elf:1)
  8 tengu warriors
  15 death yaks (Lair:5)
  10 vampire magi
  A deep troll shaman (Depths:3)
  9 spriggan berserkers
  3 soul eaters
  A shock serpent (shapeshifter) (Vaults:5)
  6 hell knights (Vaults:5)
  3 sun demons (D:3)
  Nergalle (Lair:2)
  Amaemon (D:8)
  4 skysharks
  44 skeletal warriors
  6 goliath frogs
  4 iron trolls
  49 deep trolls
  A fire crab (D:12)
  10 deep elf knights
  25 spriggans
  A glowing orange brain (Vaults:2)
  5 pharaoh ants
  A sixfirhy (D:6)
  A shadow demon (Zot:3)
  18 bog bodies
  8 flayed ghosts
  16 orb spiders
  An obsidian statue (IceCv)
  6 spriggan druids
  2 anaconda skeletons
  11 deep elf archers
  13 swamp dragons
  2 spriggan simulacra
  A harpy (shapeshifter) (Vaults:5)
  An orc knight (Orc:1)
  A shadow dragon zombie (Depths:2)
  23 ironbound convokers
  13 wizards
  Pikel (D:8)
  25 deep elf pyromancers
  7 lindwurms
  A wolf spider zombie (D:15)
  5 steelbarb worms
  8 necromancers
  A sphinx zombie (Depths:2)
  3 fauns (Depths:3)
  15 phantasmal warriors
  24 deep elf zephyrmancers
  4 orc sorcerers
  20 wolf spiders
  A mana viper (shapeshifter) (D:14)
  6 cyclopes
  5 manticores
  51 ugly things
  A frost giant zombie (Depths:2)
  8 worldbinders
  A shining eye (shapeshifter) (Depths:3)
  26 elephants
  Joseph (D:7)
  A frost giant skeleton (Depths:2)
  29 moths of wrath
  15 vault sentinels
  4 black mambas
  2 orange demons
  2 naga magi (D:15)
  5 demonic crawlers
  A gargoyle (D:11)
  7 torpor snails
  15 cane toads
  54 yaktaurs
  An unseen horror (D:10)
  Maggie (D:7)
  4 centaur skeletons
  9 komodo dragons
  2 rime drakes
  3 tengu conjurers
  4 efreet
  An ice devil (IceCv)
  20 freezing wraiths
  2 swamp worm zombies
  A sea snake zombie (Crypt:1)
  6 guardian mummies (Crypt:3)
  3 anaconda simulacra (IceCv)
  A hydra zombie (Crypt:1)
  18 trolls
  A grey draconian skeleton (Crypt:3)
  2 harpy zombies
  A red devil (Depths:4)
  A merfolk (shapeshifter) (Vaults:5)
  An iron troll skeleton (Crypt:1)
  A tengu simulacrum (Depths:2)
  A shadow dragon simulacrum (Depths:2)
  2 hellwings
  7 meliai
  A queen bee (shapeshifter) (Elf:1)
  27 hornets
  5 polar bears
  A blink frog (shapeshifter) (Depths:3)
  An ettin zombie (Crypt:2)
  4 harpy skeletons
  10 tyrant leeches
  35 tarantellas
  2 hydra skeletons
  5 blink frogs (Lair:5)
  A radroach zombie (Crypt:2)
  4 dream sheep (Lair:4)
  A centaur simulacrum (D:15)
  23 jumping spiders
  A jumping spider (shapeshifter) (D:14)
  An ice dragon skeleton (Crypt:3)
  4 air elementals
  10 flying skulls
  19 culicivoras
  2 vampires
  A frost giant simulacrum (Depths:2)
  53 slime creatures
  8 basilisks
  3 dire elephant simulacra (IceCv)
  3 water elementals
  2 culicivoras (shapeshifter)
  60 yaks
  13 wraiths
  3 shadows
  23 fire elementals
  6 wyverns
  A steam dragon (Lair:4)
  A steam dragon (shapeshifter) (D:14)
  2 minotaur simulacra (IceCv)
  39 redbacks
  10 vampire mosquitoes
  4 harpy simulacra
  6 wargs
  6 swamp worms
  A warg (shapeshifter) (Elf:3)
  14 water moccasins
  3 acid dragons
  A two-headed ogre zombie (Crypt:2)
  4 hydra simulacra
  2 floating eyes
  A floating eye (shapeshifter) (Vaults:2)
  A water nymph zombie (Crypt:1)
  28 orc warriors
  A naga skeleton (Crypt:1)
  An ettin simulacrum (IceCv)
  8 swamp drakes
  An ice beast (D:6)
  A tengu (shapeshifter) (Elf:3)
  5 alligator simulacra (IceCv)
  10 centaurs
  13 boggarts
  9 wolves
  27 ogres
  A phantom (D:7)
  A rime drake zombie (Crypt:3)
  A dream sheep skeleton (Crypt:3)
  2 gnoll sergeants
  2 necrophages
  3 kobold brigands (D:8)
  3 earth elementals
  2 deep troll simulacra (IceCv)
  A komodo dragon skeleton (Crypt:3)
  3 wyvern zombies (Ossuary)
  14 bullfrogs
  A salamander skeleton (Crypt:2)
  2 scorpions
  2 water moccasin zombies (Ossuary)
  5 wights (D:8)
  A killer bee (D:10)
  6 lindwurm simulacra (IceCv)
  2 queen bee zombies
  2 vampire bats (D:11)
  6 howler monkeys
  5 electric eels
  11 bullfrog zombies (Ossuary)
  3 centaur zombies
  4 hounds
  2 jellies (Lair:5)
  A gnoll bouda (D:5)
  22 orc priests
  A black bear skeleton (Crypt:2)
  27 orc wizards
  2 iguanas
  2 sleepcaps
  8 hell rats
  A killer bee zombie (Ossuary)
  An acid dragon skeleton (Crypt:1)
  15 mummies
  2 howler monkey zombies (Ossuary)
  16 gnolls
  3 adders
  A white imp (D:7)
  5 ufetubi
  2 worms
  6 dart slugs
  71 orcs
  14 bats
  5 endoplasms
  5 giant cockroaches
  3 goblins
  15 hobgoblins
  9 jackals
  7 quokkas
  7 ball pythons
  An endoplasm zombie (Crypt:3)
  2 frilled lizards
  A goblin skeleton (Crypt:1)
  A hobgoblin zombie (D:4)
  23 kobolds
  3 kobold zombies (D:4)
  An orc skeleton (Crypt:3)
  A quokka skeleton (Crypt:3)
  6 rats
  A spectral orc (D:4)
2419 creatures vanquished.

Vanquished Creatures (collateral kills)
  2 Killer Klowns (Zot:5)
  the Enchantress (Depths:3)
  An Orb Guardian (Zot:5)
  A draconian monk (Zot:5)
  2 tengu reavers (Vaults:2)
  A deep elf elementalist (Elf:3)
  A stone giant (Depths:3)
  An eleionoma (Depths:3)
  A green draconian (Zot:2)
  A yellow draconian (Zot:5)
  2 white draconians
  A hydra (Swamp:3)
  A deep elf knight (Elf:3)
  2 deep elf archers (Elf:3)
  2 deep elf zephyrmancers (Elf:3)
  A wolf spider (Spider:4)
  An unseen horror (shapeshifter) (Elf:3)
  A hornet (Depths:3)
  2 spriggans (Depths:3)
  3 fire elementals (Zot:2)
28 creatures vanquished.

Vanquished Creatures (others)
  A fire giant (Depths:1)
  A fire dragon (Swamp:2)
  2 deep elf zephyrmancers (Elf:1)
  A moth of wrath (Zot:2)
  A tengu conjurer (Depths:3)
  A bloated husk (Swamp:1)
  A swamp drake (Swamp:4)
  A gnoll (D:8)
  2 hobgoblins (D:8)
  A kobold (D:8)
  63 spectral weapons
  4 starspawn tentacles (WizLab)
79 creatures vanquished.

Grand Total: 2526 creatures vanquished

Notes
Turn   | Place    | Note
-------+----------+-------------------------------------------
     0 | D:1      | GeoRichter the Armataur Chaos Knight began the quest for
                  | the Orb.
     0 | D:1      | Reached XP level 1. HP: 19/19 MP: 1/1
     0 | D:1      | Fell from the grace of Xom
   104 | D:1      | Reached XP level 2. HP: 26/26 MP: 2/2
   257 | D:1      | XOM: god gift: book of Lightning
   524 | D:1      | Found a faded altar of an unknown god.
   802 | D:2      | You fall into a shaft and drop 2 floors!
   856 | D:4      | Found a staircase to the Ecumenical Temple.
   866 | Temple   | Entered the Ecumenical Temple
   956 | Temple   | Became a worshipper of the Shining One
  1005 | D:2      | Reached XP level 3. HP: 32/32 MP: 3/3
  1219 | D:2      | XOM: give mutation
  1219 | D:2      | Gained mutation: Your system is resistant to poisons.
                  | (rPois) [Xom's grace]
  1344 | D:2      | Reached XP level 4. HP: 39/39 MP: 4/4
  2356 | D:4      | Noticed a scorpion
  2361 | D:4      | Killed a scorpion
  2362 | D:4      | Reached skill level 5 in Maces & Flails
  2362 | D:4      | Reached XP level 5. HP: 42/44 MP: 5/5
  2533 | D:4      | Noticed an ogre
  2538 | D:4      | Killed an ogre
  2585 | D:4      | XOM: give mutations
  2585 | D:4      | Gained mutation: You sometimes lose your temper in combat.
                  | [Xom's mischief]
  2585 | D:4      | Gained mutation: You have sharp toenails. [Xom's mischief]
  2700 | D:4      | Reached XP level 6. HP: 47/53 MP: 6/6
  2763 | D:4      | XOM: scenery: create altars
  2812 | D:4      | Found a basalt altar of Yredelemnul.
  2815 | D:4      | Reached * piety under the Shining One
  3221 | D:4      | XOM: summons 2 hostile demons
  3520 | D:5      | Entered Level 5 of the Dungeon
  3909 | D:5      | Reached XP level 7. HP: 59/59 MP: 7/7
  3954 | D:5      | Reached ** piety under the Shining One
  4065 | D:5      | XOM: summons 1 hostile demon
  5044 | D:6      | Reached XP level 8. HP: 20/70 MP: 8/8
  5595 | D:7      | Noticed Joseph
  5616 | D:7      | Killed Joseph
  5749 | D:7      | Reached skill level 5 in Fighting
  5764 | D:7      | XOM: give mutations
  5764 | D:7      | Gained mutation: Your tail ends in a venomous barb. [Xom's
                  | mischief]
  5764 | D:7      | Gained mutation: You occasionally lose the ability to drink
                  | potions when taking damage. [Xom's mischief]
  5777 | D:7      | XOM: 2-stop teleportation journey
  5787 | D:7      | XOM: confuse monster(s)
  5922 | D:7      | XOM: confusion (+ monsters)
  6102 | D:7      | XOM: blink monster(s)
  6142 | D:7      | Noticed Maggie
  6158 | D:7      | Killed Maggie
  6159 | D:7      | Reached skill level 10 in Maces & Flails
  6159 | D:7      | Reached XP level 9. HP: 56/80 MP: 9/9
  6429 | D:7      | XOM: give mutations
  6429 | D:7      | Gained mutation: You are frail. (-10% HP) [Xom's mischief]
  6429 | D:7      | Lost mutation: You have sharp toenails. [Xom's mischief]
  6429 | D:7      | Gained mutation: You are partially covered in iridescent
                  | scales. (AC +2) [Xom's mischief]
  6783 | D:7      | Found a runed translucent door.
  6784 | D:7      | Noticed Crazy Yiuf
  6832 | D:8      | Noticed Amaemon
  6832 | D:8      | Noticed an orange demon
  6843 | D:8      | Killed an orange demon
  6844 | D:8      | Reached skill level 1 in Invocations
  6871 | D:8      | Killed Amaemon
  6954 | D:8      | Found a staircase to the Lair.
  6981 | D:8      | Reached XP level 10. HP: 60/81 MP: 12/12
  7167 | D:8      | Noticed Pikel
  7174 | D:8      | Killed Pikel
  7190 | D:8      | Found a sand-covered staircase.
  7197 | Ossuary  | Entered an ossuary
  7225 | Ossuary  | Reached *** piety under the Shining One
  7346 | Ossuary  | Reached **** piety under the Shining One
  7657 | D:8      | Found a broken altar of Ashenzari.
  7671 | D:8      | Found Vyownel's Assorted Antiques.
  7678 | D:8      | Bought a runed cloak for 255 gold pieces
  7685 | D:8      | Found Buevyg's Armour Emporium.
  7701 | D:8      | Reached ***** piety under the Shining One
  8138 | D:8      | Found Tenuq's Antique Weapon Shoppe.
  8164 | D:8      | Found Mioplu Giogi's Jewellery Shoppe.
  8322 | D:8      | XOM: confusion (+ monsters)
  8446 | D:8      | Reached skill level 5 in Invocations
  8747 | D:8      | Bought a smoking broad axe for 225 gold pieces
  8747 | D:8      | Identified the +4 broad axe "Jonk" {holy, +Blink rElec}
                  | (You bought it in a shop on level 8 of the Dungeon)
  8880 | D:9      | Noticed a two-headed ogre
  8887 | D:9      | Killed a two-headed ogre
  8888 | D:9      | Reached skill level 1 in Axes
  8888 | D:9      | Reached skill level 1 in Evocations
  9115 | D:9      | XOM: 3-stop teleportation journey
  9416 | D:9      | Identified the +9 war axe of Qacayxka {spect, Str+3 Int+2
                  | Dex+4}
  9433 | D:9      | Found a shimmering blue altar of Sif Muna.
  9520 | D:9      | Found a staircase to the Orcish Mines.
  9521 | D:9      | Found a blossoming altar of Fedhas.
  9574 | D:9      | Found a radiant altar of Vehumet.
  9577 | D:9      | Noticed a two-headed ogre
  9585 | D:9      | Killed a two-headed ogre
  9586 | D:9      | Reached XP level 11. HP: 68/91 MP: 14/14
  9601 | D:9      | Found a shimmering altar of Xom.
  9791 | D:9      | Found Buppawax's Magic Scroll Shop.
  9883 | D:9      | Found a snail-covered altar of Cheibriados.
 10269 | D:10     | Entered Level 10 of the Dungeon
 10408 | D:10     | Noticed a two-headed ogre
 10412 | D:10     | Killed a two-headed ogre
 10413 | D:10     | Reached skill level 1 in Shields
 10449 | D:10     | Found an ornate altar of the Wu Jian Council.
 10460 | D:10     | Noticed a two-headed ogre
 10464 | D:10     | Killed a two-headed ogre
 10555 | D:10     | Reached skill level 5 in Axes
 10697 | D:10     | Found Nypoypp's Jewellery Shop.
 10789 | D:10     | Noticed a stone giant
 10789 | D:10     | Noticed a centaur warrior
 10790 | D:10     | Found a runed translucent door.
 10792 | D:10     | Noticed a fire giant
 10792 | D:10     | Noticed a boulder beetle
 10792 | D:10     | Noticed a boulder beetle
 10792 | D:10     | Noticed a boulder beetle
 10792 | D:10     | Noticed a centaur warrior
 11463 | D:11     | Noticed a two-headed ogre
 11468 | D:11     | Killed a two-headed ogre
 12084 | D:11     | Noticed a brown ugly thing
 12088 | D:11     | Killed a brown ugly thing
 12146 | D:11     | XOM: give mutation
 12146 | D:11     | Gained mutation: You are vulnerable to heat. (rF-) [Xom's
                  | mischief]
 12446 | D:11     | XOM: cloud trail
 12573 | Lair:1   | Entered Level 1 of the Lair of Beasts
 12585 | Lair:1   | Reached XP level 12. HP: 100/100 MP: 15/15
 12676 | Lair:1   | XOM: summons 12 hostile demons
 12676 | Lair:1   | Was forgiven by Xom
 12691 | Lair:1   | Reached skill level 5 in Shields
 12883 | Lair:1   | Lost mutation: Your system is resistant to poisons. (rPois)
                  | [potion of mutation]
 12883 | Lair:1   | Lost mutation: You are vulnerable to heat. (rF-) [potion of
                  | mutation]
 12883 | Lair:1   | Lost mutation: You occasionally lose the ability to drink
                  | potions when taking damage. [potion of mutation]
 12883 | Lair:1   | Lost mutation: You sometimes lose your temper in combat.
                  | [potion of mutation]
 12883 | Lair:1   | Gained mutation: You have hidden genetic potential. [potion
                  | of mutation]
 12883 | Lair:1   | Gained mutation: Your muscles are strong. (Str +4, Int/Dex
                  | -1) [potion of mutation]
 12883 | Lair:1   | Lost mutation: You are frail. (-10% HP) [potion of
                  | mutation]
 12883 | Lair:1   | Gained mutation: Your flesh is cold resistant. (rC+)
                  | [potion of mutation]
 12883 | Lair:1   | Gained mutation: Your muscles are very strong. (Str +8,
                  | Int/Dex -2) [potion of mutation]
 12883 | Lair:1   | Gained mutation: You occasionally shout uncontrollably at
                  | your foes. [potion of mutation]
 12883 | Lair:1   | Gained mutation: Your flesh is heat resistant. (rF+)
                  | [potion of mutation]
 13261 | Lair:1   | Noticed a catoblepas
 13367 | Lair:1   | Found a runed translucent door.
 14345 | Lair:2   | Noticed a five-headed hydra
 14348 | Lair:2   | Found a hole to the Spider Nest.
 14348 | Lair:2   | Noticed Nergalle
 14351 | Lair:2   | Killed a five-headed hydra
 14352 | Lair:2   | Reached skill level 10 in Fighting
 14352 | Lair:2   | Reached skill level 3 in Armour
 14361 | Lair:2   | Killed Nergalle
 14771 | Lair:2   | Reached skill level 4 in Armour
 15106 | Lair:3   | Identified the +8 dagger "Sounah" {antimagic, rN+ Dex+2}
 15126 | Lair:3   | Noticed a four-headed hydra
 15134 | Lair:3   | Killed a four-headed hydra
 15135 | Lair:3   | Reached skill level 5 in Armour
 15347 | Lair:3   | Reached XP level 13. HP: 117/121 MP: 16/16
 15710 | Lair:3   | Found a staircase to the Swamp.
 15777 | Lair:4   | Gained mutation: Your flesh is very cold resistant. (rC++)
                  | [hidden potential]
 15868 | Lair:4   | Reached ****** piety under the Shining One
 15875 | Lair:4   | Reached skill level 6 in Armour
 15925 | Lair:4   | Reached skill level 10 in Axes
 16050 | Lair:4   | Reached skill level 7 in Armour
 16680 | Lair:4   | Found a shadowy altar of Dithmenos.
 16801 | Lair:4   | Identified the +1 dagger "Goblinbane" {pain, rElec rN++
                  | Int-2}
 16974 | Lair:5   | Entered Level 5 of the Lair of Beasts
 17412 | Lair:5   | Reached XP level 14. HP: 133/133 MP: 17/17
 17436 | Lair:5   | Found a staircase to the Slime Pits.
 17436 | Lair:5   | Found a viscous altar of Jiyva.
 17515 | Lair:5   | Gained mutation: You have great hidden genetic potential.
                  | [hidden potential]
 17515 | Lair:5   | Lost mutation: You have great hidden genetic potential.
                  | [hidden potential expressed]
 18138 | Lair:5   | Identified a +0 sacred scourge of holy wrath (a -2 demon
                  | whip of venom blessed by the Shining One)
 18138 | Lair:5   | Received a gift from the Shining One
 19039 | Lair:1   | Reached skill level 1 in Throwing
 19291 | D:8      | Bought a polished plate armour for 952 gold pieces
 19291 | D:8      | Identified the +1 plate armour of Bam Niv {Int+4 Dex+3}
                  | (You bought it in a shop on level 8 of the Dungeon)
 19316 | Orc:1    | Entered Level 1 of the Orcish Mines
 19600 | Orc:2    | Entered Level 2 of the Orcish Mines
 19632 | Orc:2    | Noticed an orc warlord
 20113 | Orc:2    | Reached XP level 15. HP: 128/144 MP: 18/18
 20150 | Orc:2    | Paralysed by an ogre mage for 5 turns
 20411 | Orc:1    | Gained mutation: Your flesh is very heat resistant. (rF++)
                  | [hidden potential]
 20524 | Orc:2    | Found Xolim's Book Shop.
 20525 | Orc:2    | Found Kaudat's Jewellery Emporium.
 20595 | Orc:2    | Found Luammesu's Assorted Antiques.
 20613 | Orc:2    | Found Jauteh's Magic Scroll Shoppe.
 20750 | Orc:2    | Bought a scroll of enchant weapon for 105 gold pieces
 20750 | Orc:2    | Bought a scroll of blinking for 105 gold pieces
 20750 | Orc:2    | Bought a scroll of blinking for 105 gold pieces
 20815 | Orc:2    | Found Viytah's Firing Range.
 20851 | Orc:2    | Found a transporter.
 20854 | Orc:2    | Noticed Tali's ghost (journeyman DsBe)
 20879 | Orc:2    | Found a transporter.
 21019 | Orc:2    | Found a staircase to the Elven Halls.
 21461 | Orc:1    | Noticed Erolcha
 21470 | Orc:1    | Killed Erolcha
 21808 | D:10     | Killed a fire giant
 21852 | D:10     | Identified the +1 robe of Wyriarphe {Dex+3}
 23571 | D:13     | Reached skill level 5 in Throwing
 23603 | D:13     | Found a gate leading to a gauntlet.
 23626 | Gauntlet | Entered a Gauntlet
 23626 | Gauntlet | Found a transporter.
 23740 | Gauntlet | Found a transporter.
 23754 | Gauntlet | Found a transporter.
 23760 | Gauntlet | Found a transporter.
 23777 | Gauntlet | Found a transporter.
 23794 | Gauntlet | Found a transporter.
 23806 | Gauntlet | Found a transporter.
 23812 | Gauntlet | Found a transporter.
 23814 | Gauntlet | Found a transporter.
 23831 | Gauntlet | Found a transporter.
 23837 | Gauntlet | Found a transporter.
 23852 | Gauntlet | Found a large runed translucent door.
 23853 | Gauntlet | Found a large runed translucent door.
 23854 | Gauntlet | Found a large runed translucent door.
 23854 | Gauntlet | Found a large runed translucent door.
 23855 | Gauntlet | Found a runed translucent gate.
 23856 | Gauntlet | Found a transporter.
 23856 | Gauntlet | Found a runed translucent gate.
 23857 | Gauntlet | Found a runed translucent gate.
 23858 | Gauntlet | Found a large runed translucent door.
 23858 | Gauntlet | Found a large runed translucent door.
 23858 | Gauntlet | Found a runed translucent door.
 23858 | Gauntlet | Found a runed translucent door.
 23859 | Gauntlet | Found a large runed translucent door.
 23860 | Gauntlet | Found a large runed translucent door.
 23862 | Gauntlet | Found a transporter.
 23864 | Gauntlet | Found a transporter.
 23871 | Gauntlet | Found a large runed translucent door.
 23871 | Gauntlet | Found a large runed translucent door.
 23872 | Gauntlet | Found a large runed translucent door.
 23873 | Gauntlet | Found a large runed translucent door.
 23881 | Gauntlet | Found a transporter.
 23883 | Gauntlet | Found a large runed translucent door.
 23883 | Gauntlet | Found a large runed translucent door.
 23884 | Gauntlet | Found a large runed translucent door.
 23885 | Gauntlet | Found a large runed translucent door.
 23887 | Gauntlet | Found a transporter.
 23930 | Gauntlet | Found a transporter.
 23956 | Gauntlet | Found a transporter.
 24090 | Gauntlet | Identified the +1 helmet "Pilumail" {rElec Int+5 Slay-6
                  | SInv}
 24163 | Gauntlet | Identified the staff of cold "Nan Vuarr" {Fragile rC+ rN+
                  | Int+4}
 24532 | D:13     | Reached skill level 8 in Armour
 24601 | D:13     | Found a gate to the Vaults.
 25364 | D:14     | Reached XP level 16. HP: 156/156 MP: 20/20
 25443 | D:14     | Gained mutation: You have a somewhat thin skeletal
                  | structure. (Dex +2, Stealth+) [hidden potential]
 25443 | D:14     | Lost mutation: You have hidden genetic potential. [hidden
                  | potential expressed]
 25998 | D:14     | Found an iron altar of Okawaru.
 26093 | D:14     | Identified Roxanne's Almanac of Moulding
 26093 | D:14     | Noticed Roxanne
 26596 | D:15     | Entered Level 15 of the Dungeon
 26603 | D:15     | Found Zaup's Antique Weapon Boutique.
 26676 | D:15     | Reached skill level 9 in Armour
 26849 | D:15     | Found a shadowy altar of Dithmenos.
 27383 | D:15     | Noticed Jorgrun
 27394 | D:15     | Killed Jorgrun
 27647 | D:15     | Paralysed by an orc sorcerer for 2 turns
 27773 | D:15     | Found a staircase to the Depths.
 28058 | D:15     | Found a white marble altar of Elyvilon.
 28339 | Swamp:1  | Entered Level 1 of the Swamp
 28446 | Lair:3   | Reached skill level 10 in Armour
 28758 | Swamp:1  | Noticed Louise
 28779 | Swamp:1  | Killed Louise
 29883 | D:8      | Bought an amulet of regeneration for 450 gold pieces
 30215 | Swamp:2  | Reached XP level 17. HP: 95/164 MP: 23/23
 30495 | Swamp:2  | Noticed Frances
 30514 | Swamp:2  | Killed Frances
 30515 | Swamp:2  | Reached skill level 11 in Armour
 30757 | Swamp:3  | Reached skill level 15 in Fighting
 31460 | Swamp:4  | Entered Level 4 of the Swamp
 32105 | Swamp:3  | HP: 7/166 [eight-headed hydra (2)]
 32291 | Swamp:3  | Reached skill level 12 in Armour
 32641 | Swamp:4  | Reached skill level 10 in Invocations
 33048 | Swamp:4  | Noticed the 27-headed Lernaean hydra
 33075 | Swamp:4  | Killed the 27-headed Lernaean hydra
 33284 | Swamp:4  | Got a decaying rune of Zot
 33579 | Spider:1 | Entered Level 1 of the Spider Nest
 33823 | Spider:1 | Identified the ring "Poghul" {rN+ Str-3 Int+5 Slay+4}
 34149 | Spider:1 | Got Dosmebb's Introduction to the Power of Words
 34294 | Spider:2 | Reached skill level 13 in Armour
 34294 | Spider:2 | Reached XP level 18. HP: 147/177 MP: 25/25
 34403 | Spider:2 | Found a frozen archway.
 34460 | IceCv    | Entered an ice cave
 34670 | IceCv    | Found an ancient bone altar of Kikubaaqudgha.
 34687 | IceCv    | Reached skill level 10 in Shields
 34883 | IceCv    | Noticed a lich
 34892 | IceCv    | Killed a lich
 35109 | Spider:2 | Identified a scroll of acquirement
 35110 | Spider:2 | Acquired the +0 barding of Pucrefa {*Corrode Int+4}
 35285 | Spider:2 | Noticed Arachne
 35305 | Spider:2 | Killed Arachne
 35794 | Spider:3 | Reached skill level 14 in Armour
 36243 | Spider:4 | Entered Level 4 of the Spider Nest
 36573 | Spider:4 | Reached XP level 19. HP: 183/186 MP: 28/28
 37141 | Spider:4 | Got a gossamer rune of Zot
 37717 | Orc:2    | Bought 6 javelins for 306 gold pieces
 37717 | Orc:2    | Bought 4 javelins for 204 gold pieces
 37717 | Orc:2    | Bought 3 javelins for 153 gold pieces
 37778 | Elf:1    | Entered Level 1 of the Elven Halls
 37996 | Elf:1    | Paralysed by an air elemental for 1 turns
 38042 | Elf:1    | Noticed Asterion
 38068 | Elf:1    | Reached skill level 15 in Armour
 38072 | Elf:1    | Found a transporter.
 38074 | Elf:1    | Found a transporter.
 38143 | Elf:1    | Found a transporter.
 38146 | Elf:1    | Found a transporter.
 38218 | Elf:1    | Noticed a Brimstone Fiend
 38231 | Elf:1    | Killed Asterion
 38325 | Elf:1    | Got the Directory of Assembled Blasting
 38395 | Elf:1    | Paralysed by an air elemental for 1 turns
 38454 | Elf:1    | Found a transporter.
 38459 | Elf:1    | Found a transporter.
 38999 | Elf:2    | Found Rokotsy's Weapon Emporium.
 39326 | Elf:2    | Found a runed translucent gate.
 39327 | Elf:2    | Found a runed translucent gate.
 39327 | Elf:2    | Found a runed translucent gate.
 39496 | Elf:3    | Entered Level 3 of the Elven Halls
 39500 | Elf:3    | Paralysed by an air elemental for 1 turns
 39503 | Elf:3    | Paralysed by an air elemental for 1 turns
 40297 | Elf:3    | Identified the +6 bardiche "Betzoick" {pain, +Blink rF+
                  | rCorr MP+9}
 40434 | Elf:3    | Reached skill level 15 in Shields
 40476 | Elf:3    | Identified the +8 scimitar of the Rat {pain, rPois Dex+3}
 40527 | Elf:3    | Reached XP level 20. HP: 166/196 MP: 29/29
 40722 | Elf:3    | Noticed Zenata
 40728 | Elf:3    | Reached skill level 16 in Armour
 40731 | Elf:3    | Killed Zenata
 40949 | Elf:3    | Identified the +0 chain mail "Hussusinu" {Fly rCorr}
 41151 | Elf:3    | Identified the +9 dagger of Conscience {heavy, rPois rC-
                  | Str+2}
 41172 | Elf:3    | Identified the +11 spear of Descent {speed, Will+ Str+3
                  | Stlth-}
 41204 | Elf:3    | HP: 9/196 [+0 halberd of flaming[a deep elf annihilator]
                  | (2)]
 41400 | Elf:3    | Identified the amulet of Jeczit {Spirit Harm *Corrode
                  | Dex+2}
 41522 | Elf:3    | Identified the +3 arbalest of the Slime-mould {flame, rElec
                  | Int+3}
 41523 | Elf:3    | Identified the +0 swamp dragon scales of Pantheism {rPois
                  | rC+ Dex+3}
 41852 | Vaults:1 | Entered Level 1 of the Vaults
 42881 | Vaults:1 | You fall into a shaft and drop 1 floor!
 42892 | Vaults:2 | Noticed Sojobo
 43330 | Vaults:2 | Noticed Jory
 43341 | Vaults:2 | Killed Jory
 43392 | Vaults:2 | Noticed Nikola
 43403 | Vaults:2 | Killed Nikola
 43556 | Vaults:2 | Killed Sojobo
 43575 | Vaults:2 | Reached skill level 17 in Armour
 43827 | Vaults:2 | Identified the +7 war axe of the Endless Expanse {freeze,
                  | Str+6}
 44011 | Vaults:2 | Reached XP level 21. HP: 167/207 MP: 31/31
 44346 | Vaults:2 | Identified the amulet of Viowag {Faith Rampage +Blink rF++
                  | Int-2}
 44493 | Vaults:3 | Found a portal to a secret trove of treasure.
 44904 | Vaults:3 | Found a staircase to the Crypt.
 44904 | Vaults:3 | Found an ancient bone altar of Kikubaaqudgha.
 44905 | Vaults:3 | Found a basalt altar of Yredelemnul.
 45212 | Vaults:3 | Identified the +1 arbalest of the Silent Majority {heavy,
                  | Int+3 SInv Stlth+}
 45776 | Vaults:3 | Found Jitivy's Assorted Antiques.
 45785 | Vaults:3 | Bought a faintly glowing hat for 198 gold pieces
 45785 | Vaults:3 | Identified the +2 hat of Lude {Rampage Drain rPois Int+3}
                  | (You bought it in a shop on level 3 of the Vaults)
 45907 | Vaults:4 | Found Betifeme's Magic Scroll Shoppe.
 45919 | Vaults:4 | Reached skill level 15 in Invocations
 45923 | Vaults:4 | Reached skill level 10 in Throwing
 45933 | Vaults:4 | Bought a scroll of summoning for 152 gold pieces
 46102 | Vaults:4 | Reached skill level 18 in Armour
 47252 | Vaults:5 | Entered Level 5 of the Vaults
 47420 | Crypt:1  | Entered Level 1 of the Crypt
 47681 | Crypt:1  | Noticed a dread lich
 47681 | Crypt:1  | Noticed a dread lich
 47682 | Crypt:1  | Noticed a dread lich
 47691 | Crypt:1  | Reached XP level 22. HP: 208/218 MP: 33/33
 47705 | Crypt:1  | Killed a dread lich
 47712 | Crypt:1  | Killed a dread lich
 47717 | Crypt:1  | Killed a dread lich
 47793 | Crypt:1  | Reached skill level 19 in Armour
 48409 | Crypt:2  | Noticed Mennas
 48450 | Crypt:2  | Killed Mennas
 48887 | Crypt:1  | Found an ancient bone altar of Kikubaaqudgha.
 48910 | Crypt:2  | Noticed Bai Suzhen
 48930 | Crypt:2  | Killed Bai Suzhen
 49313 | Crypt:3  | Entered Level 3 of the Crypt
 49674 | Crypt:3  | Reached skill level 20 in Armour
 49730 | Crypt:3  | Reached XP level 23. HP: 230/230 MP: 35/35
 49823 | Crypt:3  | Found a staircase to the Tomb.
 50324 | Crypt:3  | Noticed a curse toe
 50622 | Depths:1 | Entered Level 1 of the Depths
 50635 | Depths:1 | Found a gateway to Hell.
 50932 | Depths:1 | Found a shimmering blue altar of Sif Muna.
 51610 | Depths:2 | Found a one-way gateway to a ziggurat.
 51669 | Depths:2 | Found a magical portal.
 51681 | WizLab   | Entered Alistair's Party Mansion
 52579 | Depths:2 | Paralysed by a floating eye for 3 turns
 52820 | Depths:2 | Acquired a +0 barding of flying
 52827 | Depths:2 | Found a one-way gate leading to the halls of Pandemonium.
 52857 | Depths:2 | Reached skill level 21 in Armour
 53318 | Depths:2 | Reached skill level 15 in Throwing
 53376 | Depths:2 | Found a sparkling altar of Nemelex Xobeh.
 53475 | Depths:3 | Found Eduezuff's Armour Shoppe.
 53477 | Depths:3 | Found Emefaucs's Book Shoppe.
 53477 | Depths:3 | Found Peuwn's Assorted Antiques.
 53483 | Depths:3 | Paralysed by a floating eye for 4 turns
 53571 | Depths:3 | Found Xadekah's Assorted Antiques.
 53603 | Depths:3 | Found Poclav's Distillery.
 53618 | Depths:3 | Bought a potion of haste for 170 gold pieces
 53618 | Depths:3 | Bought a potion of haste for 170 gold pieces
 53618 | Depths:3 | Bought 2 potions of curing for 102 gold pieces
 53618 | Depths:3 | Bought a potion of heal wounds for 85 gold pieces
 53618 | Depths:3 | Bought 2 potions of curing for 102 gold pieces
 53792 | Depths:3 | Found a one-way gate to the infinite horrors of the Abyss.
 53819 | Depths:3 | Identified the +2 helmet of Rylu {Fly Str+5}
 54007 | Depths:3 | Reached XP level 24. HP: 222/239 MP: 35/35
 54074 | Depths:3 | Reached skill level 1 in Dodging
 54087 | Depths:3 | Noticed the Enchantress
 54118 | Depths:3 | Killed the Enchantress
 54213 | Depths:3 | Identified the ring of Gedgh {rElec Will+ Int+6}
 54218 | Depths:3 | Identified the ring "Ceqeb" {Will+ rCorr MP+9 Int+3 Slay-3}
 54603 | Depths:4 | Entered Level 4 of the Depths
 55349 | Depths:4 | Reached skill level 5 in Evocations
 55684 | Depths:4 | Found a gate to the Realm of Zot.
 55685 | Depths:4 | Found a stormy altar of Qazlal.
 55719 | Depths:4 | Identified the +1 leather armour "Bauciekh" {rPois rF-
                  | Dex+7}
 57249 | Vaults:5 | Noticed a dread lich
 57258 | Vaults:5 | Killed a dread lich
 57599 | Vaults:5 | Got a silver rune of Zot
 57617 | Vaults:5 | Identified the +9 flail of Terra Nullius {flame, rCorr
                  | Str+3}
 57681 | Vaults:5 | Noticed an ancient lich
 57720 | Vaults:5 | Killed an ancient lich
 57867 | Vaults:5 | Reached skill level 10 in Evocations
 57876 | Vaults:5 | Identified the +11 mace of Vatilaot {drain, rN++}
 57911 | Vaults:5 | Noticed an ancient lich
 57917 | Vaults:5 | Killed an ancient lich
 57935 | Vaults:5 | Noticed an ancient lich
 57937 | Vaults:5 | Reached XP level 25. HP: 245/251 MP: 35/35
 57954 | Vaults:5 | Killed an ancient lich
 58459 | Vaults:5 | Identified the +11 bardiche "Biceexosch" {flame, Fly rCorr
                  | Int+6 Stlth-}
 58478 | Vaults:5 | Got Ocarafack's Compilation of Obstruction
 59244 | Zot:1    | Entered Level 1 of the Realm of Zot
 59530 | Zot:1    | You are sucked into a shaft and drop 1 floor!
 59609 | Zot:2    | Noticed an orb of fire
 59627 | Zot:2    | Gained mutation: Your spells are a little easier to cast,
                  | but a little less powerful. [an orb of fire]
 59629 | Zot:2    | Killed an orb of fire
 60407 | Vaults:3 | You paid a toll of 16 potions of curing to enter a treasure
                  | trove
 60408 | Trove    | Entered a treasure trove
 60412 | Trove    | Found the +15 Maxwell's patent armour {-Cast -Tele rElec
                  | Will+ rCorr}
 60419 | Trove    | Identified the +1 cloak of Eternal Vigilance {Contam Will+
                  | Int+7 Dex+4}
 60439 | Trove    | Identified the +3 barding of Defence {rCorr}
 60441 | Trove    | Identified the +2 scale mail of Wrong Decisions {Int+6}
 60446 | Trove    | Identified the +2 pair of gloves of Restlessness {Contam
                  | Will++}
 60447 | Trove    | Identified the scarf "Vuschua" {+Inv, rC+ Int+5}
 61149 | Zot:1    | Noticed an orb of fire
 61167 | Zot:1    | Killed an orb of fire
 61215 | Zot:1    | Acquired 723 gold pieces
 62548 | Zot:3    | Reached skill level 22 in Armour
 63802 | Zot:4    | Identified the +6 shortbow of Winter {heavy, rF+}
 64168 | Zot:5    | Entered Level 5 of the Realm of Zot
 64358 | Zot:5    | Reached XP level 26. HP: 263/263 MP: 35/35
 64366 | Zot:5    | Reached skill level 5 in Dodging
 64655 | Zot:5    | Noticed a dread lich
 64664 | Zot:5    | Killed a dread lich
 64806 | Zot:5    | Noticed a dread lich
 64818 | Zot:5    | Killed a dread lich
 64887 | Zot:5    | Noticed an orb of fire
 64888 | Zot:5    | Noticed an orb of fire
 64894 | Zot:5    | Gained mutation: You are frail. (-10% HP) [an orb of fire]
 64896 | Zot:5    | Lost mutation: Your tail ends in a venomous barb. [an orb
                  | of fire]
 64904 | Zot:5    | Killed an orb of fire
 64906 | Zot:5    | Gained mutation: Your magical capacity is low. (-10% MP)
                  | [an orb of fire]
 64915 | Zot:5    | Killed an orb of fire
 64916 | Zot:5    | Noticed an orb of fire
 64937 | Zot:5    | Killed an orb of fire
 64947 | Zot:5    | Noticed a dread lich
 64951 | Zot:5    | Killed a dread lich
 65040 | Zot:5    | Noticed a dread lich
 65046 | Zot:5    | Noticed a dread lich
 65067 | Zot:5    | Killed a dread lich
 65068 | Zot:5    | Reached skill level 23 in Armour
 65084 | Zot:5    | Killed a dread lich
 65575 | Zot:5    | Got the Orb of Zot
 65863 | Depths:4 | Noticed Jimyuc the pandemonium lord
 65873 | Depths:4 | Killed Jimyuc the pandemonium lord
 65897 | Depths:4 | Noticed Tierete the pandemonium lord
 65923 | Depths:4 | Killed Tierete the pandemonium lord
 65924 | Depths:4 | Reached XP level 27. HP: 248/248 MP: 32/32
 66239 | D:10     | Gained mutation: You are clumsy. (Dex -2) [a cacodemon]
 66241 | D:10     | Noticed Epoveepp the pandemonium lord
 66467 | D:$      | Escaped with the Orb!

Illustrated notes

Levels and vault maps discovered:
D:1:      lightli_arrival_flooded_house, layout_loops_ring,
          hellmonk_ecumenical_altar_blasted, corexii_hall_statues_x
D:2:      layout_rooms, serial_bayou_pond_b
D:3:      layout_basic
D:4:      layout_layer_cave, yredelemnul_forgotten_temple_becter,
          minmay_temple_entry_overgrown, minmay_mini_ossuary
D:5:      layout_loops_cross, minivault_26, small_statue_intersection
D:6:      layout_cave_pods
D:7:      layout_basic, uniq_joseph, uniq_crazy_yiuf_cottage, uniq_maggie
D:8:      kennysheep_housing_project, layout_loops_ring,
          nicolae_ashenzari_panopticon, erik_lair_orcish_takeover, serial_shops,
          nicolae_shop_dealshenge, nicolae_shop_behind_doors, shop,
          nicolae_shop_trees, gup_ossuary_entry_pyramid, uniq_amaemon,
          uniq_pikel
D:9:      layout_gridville, overflow_temple_1_default, cheibrodos_worm_habitat,
          fiery_altar_vehumet, lemuel_round_altar, old_standard_altar,
          orc_0_dummy, serial_shops, shop
D:10:     minmay_gate_of_8, layout_basic, kennysheep_little_box, serial_shops,
          nicolae_shop_just_a_little_nook, st_stairs_11
D:11:     layout_basic, grunt_decor_one_mirror, grunt_ministairs_5,
          roderic_batcave
D:12:     layout_stronghold, grunt_tough_drop
D:13:     layout_loops_corners, david_vaults_2, gauntlet_entry_generic
D:14:     layout_loops_corners, kennysheep_flooded_box,
          okawaru_altar_gauntlet_db, uniq_roxanne
D:15:     grunt_enter_depths_magical_seal, layout_loops_corners, serial_shops,
          nicolae_shop_advertising_works [nicolae_subvault_shop_adworks],
          grunt_dithmenos_smoke_and_mirrors, nicolae_elyvilon_peaceful_grove,
          uniq_jorgrun
Temple:   compressed_dpeg_circular_temple
Lair:1:   gammafunk_lair_enchanted_lake, layout_layer_cave
Lair:2:   layout_hall_layers, dummy_spider_entry, minivault_27,
          beast_lair_carwin_3, uniq_nergalle
Lair:3:   layout_roguey, swamp_mist, cheibrodos_lair_lostbears
Lair:4:   layout_big_grid, basic_altar, cheibrodos_lair_reptile_den
Lair:5:   evilmike_catoblepas_cave, layout_gridlike, minmay_slime_entry_pillars,
          grunt_megastairs_5
Swamp:1:  layout_falls_marsh, evilmike_swamp_ruin_house_6, uniq_louise
Swamp:2:  layout_falls_marsh, serial_swamp_ruin, hangedman_swamp_ruin_wall,
          evilmike_swamp_ruin_rubble_1, evilmike_swamp_ruin_house_4,
          hangedman_swamp_double_dragon, uniq_frances
Swamp:3:  nicolae_swamp_wrong_neighborhood, layout_basic_swamp,
          evilmike_swamp_ruin_house_2, swamp_pool3
Swamp:4:  grunt_swamp_rune_castle, layout_basic_swamp, swamp_pool3
Spider:1: layout_spider_delve, drop_trap
Spider:2: layout_spider_delve, portal_ice_cave_entry_pillars_three,
          nicolae_spider_claw_tunnel, uniq_arachne
Spider:3: layout_spider_delve
Spider:4: hellmonk_spider_rune_endless_swarm, drop_trap, nicolae_spider_bzzzt
Orc:1:    layout_diamond_mine, uniq_erolcha
Orc:2:    st_orc_open, layout_caves, special_room,
          gammafunk_ghost_berserking_beasts, nicolae_shop_firing_range
Elf:1:    eino_elf_arrival_the_gate, layout_rooms, minmay_elf_sorcery,
          serial_nicolae_subway, nicolae_sub_station_metal,
          nicolae_sub_station_stone, nicolae_sub_station_crystal, uniq_asterion
Elf:2:    nicolae_elf_blades_crystal_corner, layout_gridlike, serial_shops,
          nicolae_shop_bloodbath_and_beyond, lemuel_flamethrower_3
Elf:3:    minmay_elf_hall_quartered_circle, layout_gridlike, uniq_zenata
Vaults:1: nicolae_vaults_circle_grid_a, nicolae_vaults_little_squares_3,
          v_alt_pattern_1, vaults_dpeg_ring, nicolae_vaults_ninety_degrees,
          nicolae_vaults_windows_and_doors_thing,
          nicolae_vaults_diagonal_hallway_7, nicolae_vaults_storage_closets_2,
          nicolae_vaults_little_squares_3, nicolae_vaults_variable_pillar_hall,
          nicolae_vaults_hallways_thing, grunt_vaults_hallway_short,
          nicolae_vaults_ring_of_whatevers, nicolae_vaults_theta,
          nicolae_vaults_closet_pinwheel_2, layout_vaults_omnicross
Vaults:2: v_misc_16, grunt_vaults_funnel, v_misc_18, nicolae_vaults_heist,
          nicolae_vaults_variable_pillar_hall, v_misc_19,
          nicolae_vaults_door_testing_chamber, nicolae_vaults_three_branches,
          hangedman_vaults_capsules, ontoclasm_vaults_shout, vaults_dpeg_cross,
          ontoclasm_vaults_tryst, nicolae_vaults_apartment_1,
          layout_vaults_omnibox, uniq_nikola, uniq_jory, uniq_sojobo
Vaults:3: nicolae_vaults_trapezoid_lopsided_4, minmay_crypt_entry_necro_gods,
          nicolae_vaults_murderbox, grunt_vaults_hallway_short,
          hangedman_vaults_unwind, ontoclasm_vaults_spin,
          nicolae_vaults_triangles, ontoclasm_vaults_gateway,
          nicolae_vaults_octothorpe, nicolae_vaults_closet_pinwheel_2,
          nicolae_vaults_what_the_h, hangedman_vaults_corner_blocks,
          nicolae_vaults_yaktaur_gun_rack, nicolae_vaults_trapezoid_2,
          layout_vaults_ring, serial_shops, shop, enter_trove_0
Vaults:4: hangedman_vaults_stream, nicolae_vaults_shipping_containers_3,
          nicolae_vaults_house_1, vaults_room_semicircle,
          nicolae_vaults_cochlea, nicolae_vaults_theta, v_pattern_4,
          nicolae_vaults_doubleplus_tesselated, nicolae_vaults_sesquioval_fish,
          ontoclasm_vaults_chip, layout_vaults_quadrants, serial_shops, shop
Vaults:5: uniq_margery
Crypt:1:  grunt_deathspiral_small, layout_rooms, minivault_19,
          nicolae_crypt_cryptocurrency, grunt_ministairs_3,
          lemuel_upstairs_altar
Crypt:2:  layout_chaotic_city, uniq_mennas, uniq_bai_suzhen
Crypt:3:  david_glass_crypt, layout_basic, tomb_entry_shell_bobbens,
          nicolae_fountain_basement
Depths:1: layout_roguey, hell_entry, tgw_sif, grunt_megastairs_3
Depths:2: evilmike_halls_of_destruction, layout_gridlike, enter_ziggurat_a,
          pf_coc_iceberg, pan_entry, minmay_misc_feat_roman,
          infiniplex_enter_wizlab_water, nemelex_xobeh_ov_fountains_minmay
Depths:3: grunt_forest_end_chambers, layout_cave_shapes, serial_shops, shop,
          hell_entry, nicolae_abyss_entry_one_way_or_another,
          minmay_staircase_bubble, minmay_shoptagon
Depths:4: regret_index_qazlal_generations, layout_basic, serial_bayou_pond_c,
          pf_hell_entry_tar_river
Zot:1:    layout_basic
Zot:2:    lemuel_firehouse, layout_onion, lemuel_elevator
Zot:3:    layout_gridlike
Zot:4:    layout_basic
Zot:5:    layout_gridlike

Skill      XL: |  1  2  3  4  5  6  7  8  9 10 11 12 13 14 15 16 17 18 19 20 21 22 23 24 25 26 |
---------------+-------------------------------------------------------------------------------+-----
Maces & Flails | 3 4 5 6 7 8 10 11 12 | 12.3
Fighting       | 4 5 6 8 9 10 11 13 14 15 16 17 18 19 20 21 22 | 22.8
Invocations    | 3 5 6 8 10 12 13 14 15 16 17 19 | 19.2
Axes           | 3 6 9 11 13 14 | 14.6
Evocations     | 2 3 10 12 | 12.0
Shields        | 4 6 7 8 9 12 15 17 18 20 | 20.1
Armour         | 5 7 8 10 13 14 15 17 18 20 21 22 23 | 23.7
Throwing       | 2 5 8 9 10 12 16 | 16.0
Dodging        | 2 4 7 |  7.6

Action                     |  1- 3 |  4- 6 |  7- 9 | 10-12 | 13-15 | 16-18 | 19-21 | 22-24 | 25-27 || total
---------------------------+-------+-------+-------+-------+-------+-------+-------+-------+-------++-------
  Melee: Whip              |    89 |       |       |       |       |       |       |       |       ||    89
         Mace              |     8 |       |       |       |       |       |       |       |       ||     8
         Tailslap          |    11 |    23 |    30 |    77 |   164 |   325 |   357 |   565 |   404 ||  1956
         Spear             |    22 |   147 |   124 |       |       |       |       |       |       ||   293
         Kick              |       |    17 |    41 |       |       |       |       |       |       ||    58
         Morningstar       |       |       |    79 |   183 |     4 |       |       |       |       ||   266
         Broad axe         |       |       |       |    72 |    22 |     9 |     3 |       |       ||   106
         War axe           |       |       |       |   202 |   404 |   323 |   535 |   124 |    16 ||  1604
         Punch             |       |       |       |     1 |       |       |       |       |       ||     1
         Sacred scourge    |       |       |       |       |   282 |   930 |   751 |  1841 |  1405 ||  5209
  Throw: Dart              |       |       |     1 |     3 |       |       |       |       |       ||     4
         Javelin           |       |       |       |       |       |    26 |    22 |    10 |    22 ||    80
 Invoke: Renounce Religion |     1 |       |       |       |       |       |       |       |       ||     1
         Divine Shield     |       |       |     1 |     1 |     4 |    14 |    12 |     7 |     7 ||    46
         Brand Weapon With |       |       |       |       |     1 |       |       |       |       ||     1
         Cleansing Flame   |       |       |       |       |       |     3 |     5 |       |       ||     8
         Summon Divine War |       |       |       |       |       |     1 |     4 |     2 |     5 ||    12
  Evoke: Wand              |       |       |     3 |     3 |     2 |     3 |     8 |       |     2 ||    21
         Phantom mirror    |       |       |       |       |     1 |     2 |     1 |       |       ||     4
         Phial of floods   |       |       |       |       |       |       |     2 |       |       ||     2
         Condenser vane    |       |       |       |       |       |       |     2 |       |       ||     2
    Use: Scroll            |       |     8 |       |     6 |    24 |    10 |    13 |    15 |    10 ||    86
         Potion            |       |       |     5 |     3 |       |     2 |     9 |     3 |     7 ||    29
 Armour: Leather armour    |    47 |    49 |    29 |       |       |       |       |       |       ||   125
         Skin              |       |       |     3 |       |       |       |       |       |       ||     3
         Acid dragon scale |       |       |    25 |   146 |   124 |       |       |       |       ||   295
         Plate armour      |       |       |       |       |    56 |   657 |   351 |   123 |   391 ||  1578
         Storm dragon scal |       |       |       |       |       |       |       |   615 |   125 ||   740
  Dodge: Dodged            |    52 |    82 |    73 |   127 |    84 |   207 |   131 |   160 |    90 ||  1006
  Block: Other             |       |       |    26 |    61 |       |       |       |       |       ||    87
         Reflection        |       |       |       |     6 |    18 |    29 |       |       |       ||    53
         Kite shield       |       |       |       |    96 |   311 |   541 |       |       |       ||   948
         Tower shield      |       |       |       |       |       |   262 |   784 |  1288 |  1001 ||  3335
